 Dungeon Crawl Stone Soup version 0.31-a0-188-g5e087ee2ca (webtiles) character file.

Game seed: 2049017775623421019

2588 qw the Skirmisher (level 9, -6/46 (50) HPs)
             Began as a Deep Elf Hunter on June 22, 2023.
             Was a Believer of Okawaru.
             Mangled by a wight
             ... wielding a +2 short sword
              (8 damage)
             ... on level 7 of the Dungeon.
             The game lasted 00:02:13 (5564 turns).

qw the Skirmisher (Deep Elf Hunter)                 Turns: 5564, Time: 00:02:14

HP:   -6/46 (50)    AC:  9    Str: 16    XL:     9   Next: 32%
MP:   12/14         EV: 21    Int: 15    God:    Okawaru [**....]
Gold: 329           SH:  0    Dex: 26    Spells: 8/8 levels left

rFire   + . .        Y - +1 shortbow
rCold   + . .        (shield currently unavailable)
rNeg    . . .        e - +0 ring mail
rPois   +            b - +2 helmet
rElec   +            (no cloak)
rCorr   +            (no gloves)
SInv    .            (no boots)
Will    .....        (no amulet)
Stlth   +++          c - +6 ring of dexterity
HPRegen 0.27/turn    g - +6 ring of strength
MPRegen 0.14/turn

%: no passive effects
@: about to teleport, resistant, heroic, drained
A: no striking features
a: Renounce Religion, Heroism


You were on level 7 of the Dungeon.
You worshipped Okawaru.
Okawaru was pleased with you.
You visited 1 branch of the dungeon, and saw 8 of its levels.

You collected 329 gold pieces.


   Skills:
 - Level 3.0(8.0) Fighting
 - Level 14.0(19.0) Ranged Weapons
 - Level 1.6(6.6) Armour
 + Level 6.7(11.7) Dodging
 - Level 1.2(6.2) Stealth
 - Level 4.0 Invocations


You had 8 spell levels left.
You didn't know any spells.
Your spell library was empty.

Inventory:

Hand Weapons
 Y - a +1 shortbow (weapon)
Armour
 b - a +2 helmet (worn)
 e - a +0 ring mail (worn)
Jewellery
 c - a +6 ring of dexterity (left hand)
 g - a +6 ring of strength (right hand)
 j - a ring of fire
Wands
 k - a wand of digging (7)
Scrolls
 a - a scroll of identify
 i - a scroll of teleportation
Potions
 d - a potion of might
 f - a potion of heal wounds
 l - 2 potions of enlightenment
 m - a potion of magic
 n - a potion of resistance
 o - a potion of curing

Dungeon Overview and Level Annotations

Branches:
Dungeon (8/15)             Temple (0/1) D:6
   Lair: D:8-11

Altars:
Ashenzari
Fedhas
Kikubaaqudgha
Okawaru
Uskayaw

Portals:
Bailey: D:8


Message History

You hear the creaking of a portcullis nearby.
The wight hits you with a +2 long sword!
You feel drained.
There is a stone staircase leading up, spattered with blood here.
You shoot an arrow. The arrow hits the wight!
The wight is severely damaged.
You shoot an arrow. The arrow barely misses the wight.
The wight misses you.
You shoot an arrow. The arrow hits the wight.
You destroy the wight!
Okawaru accepts your kill.
You shoot an arrow. The arrow completely misses the wight.
You shoot an arrow.
The arrow hits the wight but does no damage.
A gnoll comes into view. It is wielding a +0 spear.
You shoot an arrow.
The arrow hits the wight but does no damage.
You shoot an arrow. The arrow closely misses the wight.
The wight hits you with a +5 great sword!
You feel drained. The wight hits you but does no damage.
5560 ||| INVOKING Heroism.
You gain the combat prowess of a mighty hero.
A wight comes into view.
It is wielding a +4 hand axe of freezing.
The gnoll completely misses you. The wight completely misses you.
The wight zaps a wand.
Your mind is blasted!
You hear a shout!
5561 ||| STAIRDANCE The gnoll closely misses you.
The wight closely misses you. The wight hits you but does no damage.
You climb upwards.
There is a stone staircase leading down here.
You shoot an arrow. The arrow closely misses the wight.
The wight zaps a wand.
Your mind is blasted!
The wight hits you with a +5 great sword.
You feel drained.
5564 ||| READING 2 scrolls of teleportation.
As you read the scroll of teleportation, it crumbles to dust.
You feel strangely unstable.
The wight hits you with a +2 short sword!
You die...

......#
#.................#.##.#
......#
###'#############.#.##.#
......#
#....#............##.#
......#
#....#.########...##.#
......#####....#.#
#......##.#
.....##........#.#
#.#....##.#
...............#.#
#.#....##.#
#..............#)#
#.#....##.#
'..............z@#
#.#....##.##
#..........#.###z###
#.#....)...#
#..........#.......#
#.#...######
#.......##.+.......# #.#...#
#.......##.#.......# #.#.#.#
..#...###..#.......# #.#.#.#
..#.....#..........###.#.#.#
..#...............<'....<#.#
..##.....#.........###.###.#


You could see 2 wights.

Vanquished Creatures
  Pikel (D:7)
  Grinder (D:5)
  A water moccasin (D:6)
  2 ice beasts (D:6)
  3 sky beasts
  2 black bears (D:5)
  An ogre (D:6)
  A kobold brigand (D:8)
  4 bullfrogs
  6 wights (D:8)
  A howler monkey (D:7)
  A hound (D:7)
  2 jellies
  2 orc priests
  3 orc wizards
  9 adders
  2 shadow imps
  3 white imps
  A worm (D:4)
  3 dart slugs
  17 orcs
  4 endoplasms
  4 giant cockroaches
  A goblin (D:1)
  6 hobgoblins
  4 jackals (D:1)
  5 quokkas
  11 ball pythons
  6 bats
  3 frilled lizards
  5 kobolds
  6 rats
121 creatures vanquished.

Notes
Turn   | Place    | Note
-------+----------+-------------------------------------------
     0 | D:1      | qw the Deep Elf Hunter began the quest for the Orb.
     0 | D:1      | Reached XP level 1. HP: 12/12 MP: 3/3
     0 | D:1      | 0 ||| qw: Version: 0.3-a-9-g12657ce
     0 | D:1      | 0 ||| qw: Game counter: 2873
     0 | D:1      | 0 ||| qw: Always use a shield: true
     0 | D:1      | 0 ||| qw: God list: Okawaru
     0 | D:1      | 0 ||| qw: Allow faded altars: false
     0 | D:1      | 0 ||| qw: Do Orc after D:15 true
     0 | D:1      | 0 ||| qw: Do second Lair branch before Depths: true
     0 | D:1      | 0 ||| qw: Lair rune preference: random
     0 | D:1      | 0 ||| qw: Plans: Normal
     0 | D:1      | 0 ||| PLANNING D:1-11
    87 | D:1      | Reached XP level 2. HP: 16/16 MP: 4/4
   109 | D:1      | Reached skill level 6 in Ranged Weapons
   415 | D:1      | Reached XP level 3. HP: 20/20 MP: 5/5
   658 | D:1      | 658 ||| READING 2 scrolls labelled LYRRAOFELI.
   659 | D:1      | 659 ||| READING scroll labelled QAOKLE GOINAG.
   660 | D:1      | 660 ||| READING scroll labelled NIQIYR CIQETS.
   661 | D:1      | 661 ||| DROPPING scroll of butterflies.
   794 | D:2      | Identified the +1 mace of Guile {venom, rElec Dex+2}
   798 | D:2      | Found a hide-covered altar of Uskayaw.
   932 | D:2      | Reached skill level 7 in Ranged Weapons
  1195 | D:2      | Found a faded altar of an unknown god.
  1370 | D:2      | Reached XP level 4. HP: 25/25 MP: 6/6
  1508 | D:2      | 1508 ||| UPGRADING to +0 helmet.
  1513 | D:2      | 1513 ||| READING scroll labelled UWNAUQO HEANIE.
  1514 | D:2      | 1514 ||| READING 2 scrolls labelled EWEDDE SESTRA.
  1515 | D:2      | 1515 ||| READING scroll of enchant armour.
  1515 | D:2      | 1515 ||| ENCHANTING +0 helmet.
  1516 | D:2      | 1516 ||| READING 3 scrolls of identify.
  1516 | D:2      | 1516 ||| IDENTIFYING fuming pink potion
  1517 | D:2      | 1517 ||| READING 2 scrolls of identify.
  1517 | D:2      | 1517 ||| IDENTIFYING orange potion
  1518 | D:2      | 1518 ||| DROPPING potion of magic.
  1541 | D:3      | 1541 ||| READING scroll of enchant armour.
  1541 | D:3      | 1541 ||| ENCHANTING +1 helmet.
  1542 | D:3      | Found an ancient bone altar of Kikubaaqudgha.
  1542 | D:3      | Found a blossoming altar of Fedhas.
  1614 | D:3      | Reached skill level 8 in Ranged Weapons
  1637 | D:3      | 1637 ||| FLEEEEING.
  2091 | D:3      | 2091 ||| UPGRADING to +0 scale mail.
  2101 | D:3      | 2101 ||| DROPPING +0 leather armour.
  2102 | D:3      | 2102 ||| UPGRADING to +0 ring mail.
  2112 | D:3      | 2112 ||| DROPPING +0 scale mail.
  2113 | D:3      | 2113 ||| READING scroll labelled SEODEI EBEUMN.
  2214 | D:3      | 2214 ||| READING scroll labelled QYOXTO ETEUFF.
  2215 | D:3      | 2215 ||| DRINKING 4 blue potions.
  2216 | D:3      | 2216 ||| READING 3 scrolls of identify.
  2216 | D:3      | 2216 ||| IDENTIFYING black potion
  2217 | D:3      | 2217 ||| READING 2 scrolls of identify.
  2217 | D:3      | 2217 ||| IDENTIFYING red potion
  2218 | D:3      | 2218 ||| DROPPING potion of attraction.
  2219 | D:3      | 2219 ||| DROPPING 3 potions of degeneration.
  2359 | D:4      | Reached XP level 5. HP: 29/29 MP: 7/7
  2719 | D:4      | Reached skill level 9 in Ranged Weapons
  2720 | D:4      | 2720 ||| UPGRADING to +6 ring of dexterity.
  2721 | D:4      | 2721 ||| READING scroll labelled NOPIOJE KOELE.
  2725 | D:4      | 2725 ||| READING scroll labelled ECLOR WEGATUA.
  2736 | D:5      | Entered Level 5 of the Dungeon
  2800 | D:5      | Noticed Grinder
  2809 | D:5      | HP: 7/29 [Grinder (5)]
  2810 | D:5      | 2810 ||| DRINKING 2 potions of heal wounds.
  2814 | D:5      | Killed Grinder
  2815 | D:5      | Reached XP level 6. HP: 10/34 MP: 8/8
  3012 | D:5      | Found an iron altar of Okawaru.
  3013 | D:5      | 3013 ||| PLANNING OKAWARU WORSHIP
  3013 | D:5      | 3013 ||| READING 3 scrolls of identify.
  3013 | D:5      | 3013 ||| IDENTIFYING yellow potion
  3022 | D:5      | Became a worshipper of Warmaster Okawaru
  3023 | D:5      | 3023 ||| PLANNING D:1-11
  3063 | D:5      | Reached XP level 7. HP: 29/40 MP: 9/9
  3236 | D:5      | Reached * piety under Okawaru
  3240 | D:5      | Reached skill level 10 in Ranged Weapons
  3519 | D:5      | 3519 ||| UPGRADING to +6 ring of strength.
  3520 | D:5      | 3520 ||| DROPPING ring of resist corrosion.
  3521 | D:5      | 3521 ||| READING 3 scrolls of identify.
  3521 | D:5      | 3521 ||| IDENTIFYING smoky grey potion
  3522 | D:5      | 3522 ||| READING 2 scrolls of identify.
  3522 | D:5      | 3522 ||| IDENTIFYING fuming cyan potion
  3523 | D:5      | 3523 ||| DROPPING potion of invisibility.
  3524 | D:5      | 3524 ||| DROPPING potion of brilliance.
  3602 | D:6      | 3602 ||| INVOKING Heroism.
  3776 | D:6      | 3776 ||| INVOKING Heroism.
  3784 | D:6      | Reached skill level 11 in Ranged Weapons
  3784 | D:6      | Reached skill level 1 in Invocations
  3868 | D:6      | Found a staircase to the Ecumenical Temple.
  3908 | D:6      | 3908 ||| INVOKING Heroism.
  3917 | D:6      | Reached skill level 1 in Armour
  3917 | D:6      | Reached XP level 8. HP: 45/45 MP: 7/10
  4417 | D:6      | 4417 ||| READING scroll labelled ACEVEE MABBUAT.
  4418 | D:6      | 4418 ||| READING scroll labelled MECHEOW KUNUBE.
  4419 | D:6      | 4419 ||| READING scroll labelled VID MIYLAAFED.
  4421 | D:6      | 4421 ||| Stepping ~*~*~tactically~*~*~ (cloud).
  4600 | D:7      | Reached skill level 3 in Invocations
  4681 | D:7      | Reached ** piety under Okawaru
  4682 | D:7      | 4682 ||| FLEEEEING.
  4683 | D:7      | 4683 ||| FLEEEEING.
  4729 | D:7      | Reached skill level 12 in Ranged Weapons
  4868 | D:7      | Reached skill level 3 in Fighting
  4899 | D:7      | Found a broken altar of Ashenzari.
  5035 | D:7      | Noticed Pikel
  5035 | D:7      | 5035 ||| INVOKING Heroism.
  5046 | D:7      | Killed Pikel
  5047 | D:7      | Reached skill level 13 in Ranged Weapons
  5047 | D:7      | Reached XP level 9. HP: 29/50 MP: 12/14
  5310 | D:7      | 5310 ||| DROPPING ring of wizardry.
  5311 | D:7      | 5311 ||| DRINKING 2 cyan potions.
  5319 | D:8      | Found a flagged portal.
  5331 | D:8      | Reached skill level 6 in Dodging
  5347 | D:8      | Reached *** piety under Okawaru
  5348 | D:8      | Reached skill level 14 in Ranged Weapons
  5372 | D:8      | 5372 ||| INVOKING Heroism.
  5498 | D:8      | 5498 ||| FLEEEEING.
  5499 | D:8      | 5499 ||| FLEEEEING.
  5500 | D:8      | 5500 ||| FLEEEEING.
  5502 | D:8      | 5502 ||| FLEEEEING.
  5504 | D:8      | 5504 ||| FLEEEEING.
  5505 | D:8      | 5505 ||| FLEEEEING.
  5515 | D:8      | 5515 ||| FLEEEEING.
  5516 | D:8      | 5516 ||| STAIRDANCE
  5550 | D:7      | 5550 ||| DRINKING 2 viscous puce potions.
  5560 | D:8      | 5560 ||| INVOKING Heroism.
  5561 | D:8      | 5561 ||| STAIRDANCE
  5563 | D:7      | HP: 6/47 [disintegration (13)]
  5563 | D:7      | HP: 2/47 [wight/+5 great sword (4)]
  5564 | D:7      | 5564 ||| READING 2 scrolls of teleportation.
  5564 | D:7      | Mangled by a wight

Levels and vault maps discovered:
D:1:      tarquinn_simple_flora_water_f, layout_rooms, hex_tiny,
          serial_bayou_lagoon_b
D:2:      layout_loops_ring, basic_altar, dreamdust_ecumenical_altar_grove,
          minmay_increasing_density
D:3:      layout_basic, grunt_temple_overflow_growth_and_decay
D:4:      layout_rooms
D:5:      layout_basic, okawaru_ov_weapons_minmay, uniq_grinder
D:6:      layout_loops_cross, minmay_temple_entry_large_hall
D:7:      layout_basic, lemuel_tele_altar, uniq_pikel
D:8:      layout_loops_ring, enter_bailey_2

Skill      XL: |  1  2  3  4  5  6  7  8  9 |
---------------+----------------------------+-----
Ranged Weapons | 6 7 8 9 11 13 14 | 14.0
Dodging        | 5 6 |  6.7
Fighting       | 2 3 |  3.0
Invocations    | 1 4 |  4.0
Armour         | 1 |  1.6
Stealth        | |  1.2

Action                     |  1- 3 |  4- 6 |  7- 9 || total
---------------------------+-------+-------+-------++-------
   Fire: Shortbow          |    99 |   147 |   227 ||   473
 Invoke: Heroism           |       |       |     6 ||     6
    Use: Scroll            |     3 |    13 |     6 ||    22
         Potion            |       |     2 |     2 ||     4
 Armour: Leather armour    |     4 |     8 |       ||    12
         Ring mail         |       |    11 |    26 ||    37
  Dodge: Dodged            |    25 |    35 |    59 ||   119

Table legend:
 A = Non-vault XP
 B = Vault XP
 C = Vault XP percentage of total XP
 D = Non-vault monster count
 E = Vault monster count
 F = Vault count percentage of total count
                 A         B        C        D         E       F
            +---------+---------+-------+---------+---------+-------
      Total |    2745 |     953 |  25.8 |     111 |      10 |   8.3
            +---------+---------+-------+---------+---------+-------
        D:1 |      43 |       0 |   0.0 |      25 |       0 |   0.0
        D:2 |      55 |      26 |  32.1 |      11 |       8 |  42.1
        D:3 |      50 |       0 |   0.0 |      18 |       0 |   0.0
        D:4 |     104 |       0 |   0.0 |      12 |       0 |   0.0
        D:5 |     438 |     286 |  39.5 |      11 |       1 |   8.3
        D:6 |     763 |       0 |   0.0 |      14 |       0 |   0.0
        D:7 |     648 |     641 |  49.7 |       9 |       1 |  10.0
        D:8 |     644 |       0 |   0.0 |      11 |       0 |   0.0
            +---------+---------+-------+---------+---------+-------
